PCL
HOUSTON HAMMERTIME @ REDWOOD CITY REDWOODS
07/19/2030
 
TOP OF THE 1ST
Houston Hammertime batting - Pitching for Redwood City Redwoods : RHP Bill Peterson
Pitching: RHP Bill Peterson
Batting: RHB Jorge Barbosa 0-0: Foul Ball, location: 2F
0-1: SOLO HOME RUN (Flyball, 7D), Distance : 359 ft
Batting: RHB Santo Cruz 0-0: Ball
1-0: Ground out 4-3 (Groundball, 4)
Batting: LHB Francisco Cardenas 0-0: Called Strike
0-1: Called Strike
0-2: Strikes out swinging
Batting: LHB Marcos Cantú 0-0: Ball
1-0: Ball
2-0: Ball
3-0: Base on Balls
Batting: RHB José García 0-0: Ball
1-0: Swinging Strike
1-1: Ball
2-1: SINGLE (Groundball, 56D)
Marcos Cantú to second
Batting: LHB Dave Gordon 0-0: Ground out U3 (Groundball, 34S)
Top of the 1st over - 1 run, 2 hits, 0 errors, 2 left on base; Houston 1 - Redwood City 0
BOTTOM OF THE 1ST
Redwood City Redwoods batting - Pitching for Houston Hammertime : RHP Jun Kawashima
Pitching: RHP Jun Kawashima
Batting: LHB Tim Ramsey 0-0: Ball
1-0: Ball
2-0: Foul Ball, location: 2F
2-1: Ball
3-1: Base on Balls
Batting: LHB Vicente Chávez 0-0: Ball
1-0: SINGLE (Groundball, 34D)
Tim Ramsey to second
Runner from 2nd tries for 3rd, SAFE, no throw
Batting: LHB Nicholas Alston 0-0: Ball
1-0: Called Strike
1-1: SINGLE (Groundball, 34D)
Tim Ramsey scores
Vicente Chávez to second
Runner from 2nd tries for 3rd, SAFE, no throw
Batting: RHB David Adams 0-0: Grounds into double play, 4-6-3 (Groundball, 4)
Vicente Chávez scores
Batting: LHB César Rodríguez 0-0: Ground out 6-3 (Groundball, 6)
Bottom of the 1st over - 2 runs, 2 hits, 0 errors, 0 left on base; Houston 1 - Redwood City 2
TOP OF THE 2ND
Houston Hammertime batting - Pitching for Redwood City Redwoods : RHP Bill Peterson
Batting: SHB Glenn Vadnais 0-0: Ball
1-0: Ball
2-0: Foul Ball, location: 2F
2-1: DOUBLE (Line Drive, 78D)
Batting: RHB Raúl Salas 0-0: Swinging Strike
0-1: Foul Ball, location: 2F
0-2: Foul Ball, location: 2F
0-2: Ball
1-2: Foul Ball, location: 2F
1-2: Foul Ball, location: 2F
1-2: Ball
2-2: Foul Ball, location: 2F
2-2: Fly out, F6 (Line Drive, 6M)
Batting: LHB David Adams 0-0: Ground out 1-3 (Groundball, 13S)
Glenn Vadnais to third
Batting: RHB Jorge Barbosa 0-0: Ball
1-0: Swinging Strike
1-1: Ball
2-1: Swinging Strike
2-2: Ground out 6-3 (Groundball, 6D)
Top of the 2nd over - 0 runs, 1 hit, 0 errors, 1 left on base; Houston 1 - Redwood City 2
BOTTOM OF THE 2ND
Redwood City Redwoods batting - Pitching for Houston Hammertime : RHP Jun Kawashima
Batting: RHB Enrico Rodríguez 0-0: Ball
1-0: Ball
2-0: Foul Ball, location: 2F
2-1: Called Strike
2-2: Strikes out swinging
Batting: RHB Yasuhiko Sumita 0-0: Fly out, F9 (Flyball, 89D)
Batting: RHB Luis Miguel Sánchez 0-0: Ball
1-0: Ball
2-0: Called Strike
2-1: Foul Ball, location: 2F
2-2: Ball
3-2: Foul Ball, location: 2F
3-2: Strikes out swinging
Bottom of the 2nd over - 0 runs, 0 hits, 0 errors, 0 left on base; Houston 1 - Redwood City 2
TOP OF THE 3RD
Houston Hammertime batting - Pitching for Redwood City Redwoods : RHP Bill Peterson
Batting: RHB Santo Cruz 0-0: Swinging Strike
0-1: Ball
1-1: Fly out, F8 (Flyball, 8LD)
Batting: LHB Francisco Cardenas 0-0: Ball
1-0: Foul Ball, location: 2F
1-1: Ball
2-1: Foul Ball, location: 2F
2-2: SINGLE (Groundball, 4MD)
Batting: LHB Marcos Cantú 0-0: Called Strike
0-1: Ball
1-1: Ball
2-1: Called Strike
2-2: Foul Ball, location: 2F
2-2: Strikes out looking
Batting: RHB José García 0-0: Ball
1-0: Foul Ball, location: 2F
1-1: Ball
Wild Pitch!
Francisco Cardenas to second
2-1: SINGLE (Groundball, 4MD)
Francisco Cardenas to third
Runner from 3rd tries for Home, SAFE, throw made home
Batting: LHB Dave Gordon 0-0: Ball
Wild Pitch!
José García to second
1-0: Ball
2-0: Ball
3-0: Called Strike
3-1: Base on Balls
Batting: SHB Glenn Vadnais 0-0: Ball
1-0: Ball
Wild Pitch!
José García to third
Dave Gordon to second
2-0: Called Strike
2-1: SINGLE (Groundball, 56D)
José García scores
Dave Gordon to third
Runner from 3rd tries for Home, SAFE, throw made home
Glenn Vadnais to second
Batting: RHB Raúl Salas 0-0: Ball
1-0: Ground out 6-3 (Groundball, 6S)
Top of the 3rd over - 3 runs, 3 hits, 0 errors, 1 left on base; Houston 4 - Redwood City 2
BOTTOM OF THE 3RD
Redwood City Redwoods batting - Pitching for Houston Hammertime : RHP Jun Kawashima
Batting: RHB Francisco Rodríguez 0-0: SOLO HOME RUN (Line Drive, 78XD), Distance : 393 ft
Batting: LHB Tim Ramsey 0-0: Ball
1-0: Foul Ball, location: 2F
1-1: Ball
2-1: Ball
3-1: Called Strike
3-2: Base on Balls
Batting: LHB Vicente Chávez 0-0: Ball
1-0: Grounds into double play, 4-6-3 (Groundball, 4)
Batting: LHB Nicholas Alston 0-0: SINGLE (Groundball, 6MD)
Batting: RHB David Adams 0-0: Called Strike
0-1: Ball
1-1: Ball
2-1: Ball
3-1: Called Strike
3-2: Foul Ball, location: 2F
3-2: Strikes out looking
Bottom of the 3rd over - 1 run, 2 hits, 0 errors, 1 left on base; Houston 4 - Redwood City 3
TOP OF THE 4TH
Houston Hammertime batting - Pitching for Redwood City Redwoods : RHP Bill Peterson
Batting: LHB David Adams 0-0: Called Strike
0-1: Ball
1-1: Ground out 5-3 (Groundball, 5)
Batting: RHB Jorge Barbosa 0-0: Called Strike
0-1: Called Strike
0-2: Ball
1-2: Ball
2-2: Hit by Pitch
Batting: RHB Santo Cruz 0-0: Hit by Pitch
Jorge Barbosa to second
Pinch Runner at 1st Juan Carlos:
Batting: LHB Francisco Cardenas 0-0: Ball
1-0: Called Strike
1-1: Ball
2-1: SINGLE (Line Drive, 34)
Jorge Barbosa to third
Juan Carlos to second
Batting: LHB Marcos Cantú 0-0: SINGLE (Line Drive, 56)
Jorge Barbosa scores
Juan Carlos to third
Francisco Cardenas to second
Pitching: RHP Gil Paling
Batting: RHB José García 0-0: Ball
1-0: Ball
2-0: Foul Ball, location: 2F
2-1: Ball
3-1: Foul Ball, location: 2F
3-2: Base on Balls
Juan Carlos scores
Francisco Cardenas to third
Marcos Cantú to second
Batting: LHB Dave Gordon 0-0: Foul Ball, location: 2F
0-1: Ball
1-1: Swinging Strike
1-2: SINGLE (Groundball, 6MD)
Francisco Cardenas scores
Marcos Cantú to third
José García to second
Runner from 3rd tries for Home, SAFE, no throw
Batting: SHB Glenn Vadnais 0-0: Ball
1-0: Called Strike
1-1: Ball
2-1: Fly out, F7 (Flyball, 7LM)
Batting: RHB Raúl Salas 0-0: Ball
1-0: Swinging Strike
1-1: Fielders Choice at 2nd, 6-4 (Groundball, 6)
Top of the 4th over - 4 runs, 3 hits, 0 errors, 2 left on base; Houston 8 - Redwood City 3
BOTTOM OF THE 4TH
Redwood City Redwoods batting - Pitching for Houston Hammertime : RHP Jun Kawashima
Now at 2B: Juan Carlos
Batting: LHB César Rodríguez 0-0: Ball
1-0: Called Strike
1-1: Ball
2-1: Ball
3-1: Foul Ball, location: 2F
3-2: Fly out, F7 (Flyball, 7D)
Batting: RHB Enrico Rodríguez 0-0: SINGLE (Line Drive, 9S)
Batting: RHB Yasuhiko Sumita 0-0: Called Strike
0-1: Called Strike
0-2: Ball
1-2: Ball
2-2: Ball
3-2: Ground out 4-3 (Groundball, 4)
Enrico Rodríguez to second
Batting: RHB Luis Miguel Sánchez 0-0: Ball
1-0: Ball
2-0: Foul Ball, location: 2F
2-1: Ball
3-1: Foul Ball, location: 2F
3-2: Strikes out swinging
Bottom of the 4th over - 0 runs, 1 hit, 0 errors, 1 left on base; Houston 8 - Redwood City 3
TOP OF THE 5TH
Houston Hammertime batting - Pitching for Redwood City Redwoods : RHP Gil Paling
Batting: LHB David Adams 0-0: Swinging Strike
Error on foul ball, E2
0-2: Fly out, F7 (Flyball, 7)
Batting: RHB Jorge Barbosa 0-0: Foul Ball, location: 2F
0-1: SINGLE (Groundball, 6D)
Batting: RHB Juan Carlos 0-0: Ball
1-0: Fly out, F8 (Flyball, 8RM)
Batting: LHB Francisco Cardenas 0-0: Called Strike
0-1: Ball
1-1: Ball
2-1: Ball
3-1: Base on Balls
Jorge Barbosa to second
Batting: LHB Marcos Cantú 0-0: Ball
1-0: Foul Ball, location: 2F
1-1: Swinging Strike
1-2: Ball
2-2: 3-RUN HOME RUN (Flyball, 9LD), Distance : 326 ft
Batting: RHB José García 0-0: Ball
1-0: Ball
2-0: Foul Ball, location: 2F
2-1: Ball
3-1: Ground out 1-3 (Groundball, P)
Top of the 5th over - 3 runs, 2 hits, 1 error, 0 left on base; Houston 11 - Redwood City 3
BOTTOM OF THE 5TH
Redwood City Redwoods batting - Pitching for Houston Hammertime : RHP Jun Kawashima
Batting: RHB Francisco Rodríguez 0-0: Ground out 6-3 (Groundball, 6)
Batting: LHB Tim Ramsey 0-0: Called Strike
0-1: Ground out 4-3 (Groundball, 4)
Batting: LHB Vicente Chávez 0-0: Ball
1-0: Foul Ball, location: 2F
1-1: Ball
2-1: Ball
3-1: Fly out, F8 (Flyball, 8RD)
Bottom of the 5th over - 0 runs, 0 hits, 0 errors, 0 left on base; Houston 11 - Redwood City 3
TOP OF THE 6TH
Houston Hammertime batting - Pitching for Redwood City Redwoods : RHP Gil Paling
Batting: LHB Dave Gordon 0-0: Ball
1-0: Ball
2-0: Foul Ball, location: 2F
2-1: Ball
3-1: Ground out U3 (Groundball, 34)
Batting: SHB Glenn Vadnais 0-0: Ball
1-0: Called Strike
1-1: Ball
2-1: Ball
3-1: Swinging Strike
3-2: Foul Ball, location: 2F
3-2: Foul Ball, location: 2F
3-2: Strikes out looking
Batting: RHB Raúl Salas 0-0: SINGLE (Groundball, 56D)
Batting: LHB David Adams 0-0: Fielders Choice at 2nd, 6-4 (Groundball, 6)
Top of the 6th over - 0 runs, 1 hit, 0 errors, 1 left on base; Houston 11 - Redwood City 3
BOTTOM OF THE 6TH
Redwood City Redwoods batting - Pitching for Houston Hammertime : RHP Jun Kawashima
Batting: LHB Nicholas Alston 0-0: Ball
1-0: Ground out 6-3 (Groundball, 6M)
Batting: RHB David Adams 0-0: Called Strike
0-1: Called Strike
0-2: Ball
1-2: Foul Ball, location: 2F
1-2: SOLO HOME RUN (Line Drive, 7LD), Distance : 333 ft
Batting: LHB César Rodríguez 0-0: Called Strike
0-1: Foul Ball, location: 2F
0-2: Ball
1-2: Ball
2-2: Ball
3-2: Foul Ball, location: 2F
3-2: Strikes out looking
Batting: RHB Enrico Rodríguez 0-0: Called Strike
0-1: Ball
1-1: Called Strike
1-2: Foul Ball, location: 2F
1-2: Foul Ball, location: 2F
1-2: Fly out, F9 (Flyball, 89M)
Bottom of the 6th over - 1 run, 1 hit, 0 errors, 0 left on base; Houston 11 - Redwood City 4
TOP OF THE 7TH
Houston Hammertime batting - Pitching for Redwood City Redwoods : RHP Gil Paling
Batting: RHB Jorge Barbosa 0-0: Foul Ball, location: 2F
0-1: Foul Ball, location: 2F
0-2: Ball
1-2: Ball
2-2: Fly out, F4 (Flyball, 34D)
Batting: RHB Juan Carlos 0-0: Foul Ball, location: 2F
0-1: Foul Ball, location: 2F
0-2: SINGLE (Flyball, 8RS)
Pitching: RHP Cristo Balderas
Batting: LHB Francisco Cardenas 0-0: Ball
1-0: 2-RUN HOME RUN (Flyball, 7LD), Distance : 316 ft
Batting: LHB Marcos Cantú 0-0: Swinging Strike
0-1: Foul Ball, location: 2F
0-2: Ball
1-2: SINGLE (Groundball, 4MD)
Batting: RHB José García 0-0: Ball
Marcos Cantú steals 2nd base
1-0: Ball
Marcos Cantú steals 3rd base
2-0: Ball
3-0: Base on Balls
Batting: LHB Dave Gordon 0-0: 3-RUN HOME RUN (Flyball, 9LD), Distance : 325 ft
Batting: SHB Glenn Vadnais 0-0: Ground out 4-3 (Groundball, 4)
Batting: RHB Raúl Salas 0-0: Ball
1-0: Ground out 5-3 (Groundball, 5L)
Top of the 7th over - 5 runs, 4 hits, 0 errors, 0 left on base; Houston 16 - Redwood City 4
BOTTOM OF THE 7TH
Redwood City Redwoods batting - Pitching for Houston Hammertime : RHP Jun Kawashima
Batting: RHB Yasuhiko Sumita 0-0: Ground out U3 (Groundball, 34D)
Batting: RHB Luis Miguel Sánchez 0-0: Ball
1-0: Ball
2-0: Called Strike
2-1: Ball
3-1: Foul Ball, location: 2F
3-2: Foul Ball, location: 2F
3-2: Strikes out swinging
Batting: RHB Francisco Rodríguez 0-0: Ball
1-0: Ground out 5-3 (Groundball, 56)
Bottom of the 7th over - 0 runs, 0 hits, 0 errors, 0 left on base; Houston 16 - Redwood City 4
TOP OF THE 8TH
Houston Hammertime batting - Pitching for Redwood City Redwoods : RHP Cristo Balderas
Batting: LHB David Adams 0-0: Ball
1-0: Ball
2-0: Fly out, F7 (Flyball, 7)
Batting: RHB Jorge Barbosa 0-0: Called Strike
0-1: Ball
1-1: Ball
2-1: Ball
3-1: Base on Balls
Batting: RHB Juan Carlos 0-0: Swinging Strike
0-1: Ball
1-1: Called Strike
1-2: Ball
2-2: Strikes out swinging
Batting: LHB Francisco Cardenas 0-0: Foul Ball, location: 2F
0-1: Foul Ball, location: 2F
0-2: Ball
1-2: Ball
2-2: Ball
3-2: Foul Ball, location: 2F
3-2: SINGLE (Line Drive, 89S)
Jorge Barbosa to second
Jorge Barbosa to third
Batting: LHB Marcos Cantú 0-0: Ball
1-0: Foul Ball, location: 2F
1-1: Foul Ball, location: 2F
1-2: Ball
2-2: Foul Ball, location: 2F
2-2: Ball
3-2: Foul Ball, location: 2F
3-2: Foul Ball, location: 2F
3-2: SINGLE (Groundball, 4D)
Jorge Barbosa scores
Francisco Cardenas to second
Francisco Cardenas to third
Batting: RHB José García 0-0: Ball
1-0: Ball
2-0: Called Strike
2-1: SINGLE (Groundball, 56D)
Francisco Cardenas scores
Marcos Cantú to second
Pitching: RHP Wayne Williams
Batting: LHB Dave Gordon 0-0: Ball
1-0: Ball
2-0: Swinging Strike
2-1: Ball
3-1: Foul Ball, location: 2F
3-2: Base on Balls
Marcos Cantú to third
José García to second
Batting: SHB Glenn Vadnais 0-0: Ball
1-0: Ball
2-0: Ball
3-0: Called Strike
3-1: Foul Ball, location: 2F
3-2: Base on Balls
Marcos Cantú scores
José García to third
Dave Gordon to second
Batting: RHB Raúl Salas 0-0: Ball
1-0: Ball
2-0: Ball
3-0: Base on Balls
José García scores
Dave Gordon to third
Glenn Vadnais to second
Batting: LHB David Adams 0-0: Called Strike
0-1: Swinging Strike
0-2: Ball
1-2: Strikes out looking
Top of the 8th over - 4 runs, 3 hits, 0 errors, 3 left on base; Houston 20 - Redwood City 4
BOTTOM OF THE 8TH
Redwood City Redwoods batting - Pitching for Houston Hammertime : RHP Jun Kawashima
Now in RF: António Camacho
Batting: LHB Tim Ramsey 0-0: Ground out 4-3 (Groundball, 34)
Pitching: RHP António Galindo
Batting: LHB Vicente Chávez 0-0: Ball
1-0: Called Strike
1-1: Called Strike
1-2: Foul Ball, location: 2F
1-2: Strikes out swinging
Batting: LHB Nicholas Alston 0-0: Called Strike
0-1: Foul Ball, location: 2F
0-2: Ball
1-2: Ball
2-2: Foul Ball, location: 2F
2-2: Ball
3-2: Strikes out swinging
Bottom of the 8th over - 0 runs, 0 hits, 0 errors, 0 left on base; Houston 20 - Redwood City 4
TOP OF THE 9TH
Houston Hammertime batting - Pitching for Redwood City Redwoods : RHP Wayne Williams
Batting: RHB Jorge Barbosa 0-0: Ball
1-0: Ground out 6-3 (Groundball, 6)
Batting: RHB Juan Carlos 0-0: Foul Ball, location: 2F
0-1: Ball
1-1: Ball
2-1: Foul Ball, location: 2F
2-2: Ball
3-2: Strikes out swinging
Batting: LHB Francisco Cardenas 0-0: Ball
1-0: Ball
2-0: Ball
3-0: Called Strike
3-1: Foul Ball, location: 2F
3-2: Foul Ball, location: 2F
3-2: Base on Balls
Batting: LHB Marcos Cantú 0-0: Called Strike
0-1: Called Strike
0-2: Ball
1-2: Strikes out looking
Top of the 9th over - 0 runs, 0 hits, 0 errors, 1 left on base; Houston 20 - Redwood City 4
BOTTOM OF THE 9TH
Redwood City Redwoods batting - Pitching for Houston Hammertime : RHP António Galindo
Batting: RHB David Adams 0-0: Foul Ball, location: 2F
0-1: Ball
1-1: Foul Ball, location: 2F
1-2: Foul Ball, location: 2F
1-2: Ball
2-2: SINGLE (Line Drive, 6M)
Batting: LHB César Rodríguez 0-0: Ball
1-0: Ball
2-0: Called Strike
2-1: Grounds into double play, 3-6-3 (Groundball, 3)
Batting: RHB Enrico Rodríguez 0-0: Ball
1-0: Swinging Strike
1-1: Called Strike
1-2: Strikes out swinging
Bottom of the 9th over - 0 runs, 1 hit, 0 errors, 0 left on base; Houston 20 - Redwood City 4
Saturday, April 7th, 2018 - OOTP Baseball 18.8 Build 76